 Dungeon Crawl Stone Soup version 0.18.1-8-gdd0e5ea (console) character file.

938 Kloppie the Basher (level 8, -6/130 HPs)
             Began as an Ogre Berserker on June 13, 2016.
             Was a Priest of Trog.
             Mangled by a wight
             ... wielding a +0 halberd
              (10 damage)
             ... on level 6 of the Dungeon.
             The game lasted 00:08:38 (6146 turns).

Kloppie the Basher (Ogre Berserker)                 Turns: 6146, Time: 00:08:39

Health: -6/130     AC:  6    Str: 28    XL:     8   Next: 12%
Magic:  8/8        EV: 11    Int:  6    God:    Trog [***...]
Gold:   198        SH:  0    Dex: 11    Spells: 0 memorised, 7 levels left

rFire  . . .     SeeInvis .     d - +1 flail
rCold  . . .     Gourm    .     b - +1 animal skin
rNeg   . . .     Faith    .     (no shield)
rPois  .         Spirit   .     (helmet restricted)
rElec  .         Dismiss  .     m - +1 cloak
rCorr  .         Reflect  .     (gloves unavailable)
SustAt .         Harm     .     (boots unavailable)
MR     +....                    n - amulet of inaccuracy (curse)
Stlth  ..........               (no ring)
                                e - ring of protection from magic

@: berserking, heavily drained, very quick, somewhat resistant to hostile
enchantments, extremely unstealthy
A: unfitting armour, tough skin 1
a: Berserk, Trog's Hand, Burn Spellbooks, Renounce Religion


You were on level 6 of the Dungeon.
You worshipped Trog.
Trog was most pleased with you.
You were not hungry.

You visited 1 branch of the dungeon, and saw 6 of its levels.

You collected 198 gold pieces.

Inventory:

Hand Weapons
 a - a +0 mace
 d - a +1 flail (weapon)
Armour
 b - a +1 animal skin (worn)
 m - a +1 cloak (worn)
Jewellery
 e - a ring of protection from magic (left hand)
 n - a cursed amulet of inaccuracy (around neck)
 r - an uncursed amulet of the gourmand {unknown}
 s - an uncursed amulet of regeneration {unknown}
 t - an uncursed ring of ice
Wands
 o - a wand of paralysis (6/24)
 y - a wand of paralysis (17/24)
Scrolls
 h - a scroll of immolation
 j - 2 scrolls of enchant armour
 z - a scroll of identify
Potions
 f - a potion of mutation
 g - a potion of degeneration {unknown}
 i - 3 potions of heal wounds {unknown}
 k - a potion of flight
 l - a potion of cancellation {unknown}
 p - 2 potions of resistance {unknown}
 u - a potion of curing
 w - a potion of magic {unknown}
 x - a potion of cure mutation {unknown}
Comestibles
 c - 3 bread rations
 q - 2 beef jerkies
 v - 3 chunks of flesh


   Skills:
 + Level 7.2(5.9) Fighting
 * Level 9.4(8.0) Maces & Flails
 + Level 4.7(3.5) Dodging


You had 7 spell levels left.
You didn't know any spells.

Dungeon Overview and Level Annotations

Branches:
Dungeon (6/15)
 Temple: D:4-7

Altars:
Cheibriados
Elyvilon
Fedhas
Makhleb
Trog
Xom


Innate Abilities, Weirdness & Mutations

You are too large for most types of armour.
You have tough skin (AC +1).


Message History

You feel drained.
* * * LOW HITPOINT WARNING * * *
A red film seems to cover your vision as you go berserk!
You feel yourself moving faster!
You feel mighty!
You feel somewhat more hungry.
The wight hits you with an enchanted long sword.
* * * LOW HITPOINT WARNING * * *
You feel drained.
The wight hits you from afar with a halberd!
* * * LOW HITPOINT WARNING * * *
You feel drained.
* * * LOW HITPOINT WARNING * * *
You bludgeon the wight!!
You destroy the wight!
The wight hits you from afar with a halberd!
* * * LOW HITPOINT WARNING * * *
Things that are here:
an enchanted long sword; a robe You barely miss the wight.
The wight hits you with a halberd!
You die...

#)...#
#....#
#...(#
#....#
#....#
#....#
###..#
#z..#
#@#.?....#
#)#.......
#.#.......
#.#..z....
#.#....<..
#.#z......
#.#..$...#
#.# #..


You could see a wight.

Vanquished Creatures
  Grinder (D:5)
  2 centaurs
  A giant frog (D:5)
  A howler monkey (D:5)
  2 wights (D:6)
  A jelly (D:5)
  A centaur skeleton (D:4)
  2 orc wizards
  An iguana (D:5)
  Crazy Yiuf (D:2)
  Jessica (D:2)
  2 worker ants (D:5)
  A worker ant zombie (D:5)
  5 adders
  A worm (D:2)
  A dart slug (D:2)
  3 giant geckos
  9 orcs
  10 giant cockroaches
  6 goblins
  10 hobgoblins
  2 jackals (D:4)
  9 kobolds
  2 quokkas
  2 ball pythons (D:2)
  10 bats
  3 giant newts (D:1)
  A quokka zombie (D:5)
  6 rats
97 creatures vanquished.

Vanquished Creatures (others)
  An orc priest (D:5)
  A worker ant (D:5)
  A worker ant zombie (D:5)
  3 orcs (D:5)
  A giant cockroach (D:5)
7 creatures vanquished.

Grand Total: 104 creatures vanquished

Notes
Turn   | Place    | Note
--------------------------------------------------------------
     0 | D:1      | Kloppie the Ogre Berserker began the quest for the Orb.
     0 | D:1      | Reached XP level 1. HP: 24/24 MP: 1/1
    90 | D:1      | Reached XP level 2. HP: 29/32 MP: 2/2
   847 | D:1      | Reached XP level 3. HP: 28/40 MP: 3/3
  1031 | D:2      | Reached skill level 5 in Maces & Flails
  1122 | D:2      | Noticed Jessica
  1127 | D:2      | Killed Jessica
  1127 | D:2      | Reached ** piety under Trog
  1127 | D:2      | Reached XP level 4. HP: 39/49 MP: 4/4
  2220 | D:2      | Noticed Crazy Yiuf
  2231 | D:2      | Killed Crazy Yiuf
  2231 | D:2      | Reached skill level 5 in Fighting
  2231 | D:2      | Reached XP level 5. HP: 57/57 MP: 5/5
  2292 | D:2      | Reached skill level 6 in Maces & Flails
  2631 | D:3      | Found a blossoming altar of Fedhas.
  3239 | D:3      | Found a shimmering altar of Xom.
  3467 | D:4      | Found a white marble altar of Elyvilon.
  3571 | D:4      | Found a snail-covered altar of Cheibriados.
  3783 | D:4      | Reached XP level 6. HP: 66/66 MP: 6/6
  4172 | D:4      | Found a bloodstained altar of Trog.
  4194 | D:4      | Found a bloodstained altar of Trog.
  4194 | D:4      | Found a burning altar of Makhleb.
  4473 | D:5      | Entered Level 5 of the Dungeon
  4872 | D:5      | Reached skill level 7 in Maces & Flails
  4914 | D:5      | Noticed Grinder
  4928 | D:5      | Killed Grinder
  4928 | D:5      | Reached XP level 7. HP: 75/75 MP: 7/7
  5158 | D:5      | Reached skill level 8 in Maces & Flails
  5859 | D:5      | Reached *** piety under Trog
  6109 | D:6      | Reached skill level 9 in Maces & Flails
  6109 | D:6      | Reached XP level 8. HP: 57/87 MP: 8/8
  6144 | D:6      | HP: 4/130 [wight/halberd (11)]
  6146 | D:6      | Mangled by a wight

Skill      XL: |  1  2  3  4  5  6  7 |
---------------+----------------------+-----
Maces & Flails | 5 6 7 9 |  9.4
Dodging        | 3 4 |  4.7
Fighting       | 5 6 7 |  7.2

Action                   |  1- 3 |  4- 6 |  7- 9 || total
-------------------------+-------+-------+-------++-------
Melee: Mace              |    93 |   129 |       ||   222
       Flail             |       |    73 |   121 ||   194
Invok: Berserk           |     2 |     4 |     3 ||     9
       Trog's Hand       |       |     2 |       ||     2
  Use: Scroll            |       |     7 |       ||     7
       Potion            |       |     3 |     1 ||     4
 Stab: Sleeping          |     1 |     1 |       ||     2
  Eat: Chunk             |     3 |    13 |     1 ||    17
       Meat ration       |       |     1 |       ||     1
       Bread ration      |       |       |     1 ||     1
Armor: Animal skin       |    45 |    74 |    31 ||   150
Dodge: Dodged            |    61 |   130 |    80 ||   271
